 Dungeon Crawl Stone Soup version 0.27.0-1-g7a089689b8 (webtiles) character file.

Game seed: 8280701561214272275

618 inmateoo the Vexing (level 7, 0/52 HPs)
             Began as a Gnoll Arcane Marksman on Aug 4, 2021.
             Slain by an adder (1 damage)
             ... on level 5 of the Dungeon.
             The game lasted 00:06:48 (6098 turns).

inmateoo the Vexing (Gnoll Arcane Marksman)         Turns: 6098, Time: 00:06:49

Health: 0/52       AC: 12    Str: 14 (16) XL:     7   Next: 45%
Magic:  12/12      EV: 10    Int: 14      God:
Gold:   192        SH:  0    Dex: 10 (12) Spells: 4/13 levels left

rFire    . . .     SeeInvis .   d - +0 flail (venom)
rCold    . . .     Faith    .   (no shield)
rNeg     . . .     Spirit   .   k - +0 scale mail
rPois    .         Reflect  .   o - +2 helmet
rElec    .         Harm     .   f - +0 cloak
rCorr    .         Rampage  .   c - +0 pair of gloves
Will     .....                  (no boots)
Stlth    +.........             (no amulet)
HPRegen  0.17/turn              p - +6 ring of strength
MPRegen  0.13/turn              (no ring)

@: no status effects
A: fangs 1, strong nose, distributed training
a: no special abilities


You were on level 5 of the Dungeon.
You visited 2 branches of the dungeon, and saw 6 of its levels.

You collected 192 gold pieces.

Inventory:

Hand Weapons
 d - a +0 flail of venom (weapon)
 j - a +0 arbalest of flaming
 t - a +1 hand axe of pain
Missiles
 q - 18 bolts
Armour
 b - a +0 ring mail
 c - a +0 pair of gloves (worn)
 f - a +0 cloak (worn)
 k - a +0 scale mail (worn)
 o - a +2 helmet (worn)
Jewellery
 l - a ring of positive energy
 p - a +6 ring of strength (left hand)
Wands
 e - a wand of paralysis (10)
 m - a wand of iceblast (6)
Scrolls
 a - a scroll of enchant weapon
 g - 2 scrolls of fog
 h - a scroll of holy word
 n - 4 scrolls of identify
 r - a scroll of amnesia
 u - a scroll of teleportation
Potions
 i - a potion of curing


   Skills:
 + Level 3.6 Fighting
 + Level 2.5 Short Blades
 + Level 2.5 Long Blades
 + Level 2.5 Axes
 + Level 2.5 Maces & Flails
 + Level 2.5 Polearms
 + Level 2.5 Staves
 + Level 2.5 Slings
 + Level 2.5 Bows
 + Level 5.2 Crossbows
 + Level 2.5 Throwing
 + Level 2.5 Armour
 + Level 5.2 Dodging
 + Level 2.5 Stealth
 + Level 2.5 Shields
 + Level 2.5 Unarmed Combat
 + Level 3.8 Spellcasting
 + Level 2.0 Conjurations
 + Level 5.8 Hexes
 + Level 2.0 Summonings
 + Level 2.0 Necromancy
 + Level 2.0 Translocations
 + Level 2.0 Transmutations
 + Level 2.0 Fire Magic
 + Level 2.0 Ice Magic
 + Level 2.0 Air Magic
 + Level 2.0 Earth Magic
 + Level 2.0 Poison Magic
 + Level 2.8 Invocations
 + Level 2.5 Evocations


You had 4 spell levels left.
You knew the following spells:

 Your Spells              Type           Power      Damage    Failure   Level
a - Corona                Hex            21%        N/A       8%          1
b - Portal Projectile     Hex/Tloc       26%        N/A       43%         3
c - Borgnjor's Vile Clut  Necr/Erth      4%         N/A       100%        5

Your spell library contained the following spells:

 Spells                   Type           Power      Damage    Failure   Level
 Slow                     Hex            19%        N/A       11%         2
 Pain                     Necr           32%        1d5       34%         1
 Inner Flame              Hex/Fire       13%        N/A       43%         3
 Cause Fear               Hex            9%         N/A       58%         4
 Call Canine Familiar     Summ           8%         N/A       71%         3
 Leda's Liquefaction      Hex/Erth       6%         N/A       85%         4
 Airstrike                Air            4%         N/A       98%         4
 Summon Lightning Spire   Summ/Air       8%         N/A       98%         4
 Lightning Bolt           Conj/Air       4%         1d15      100%        5
 Death Channel            Necr           4%         N/A       100%        6


Dungeon Overview and Level Annotations

Branches:
Dungeon (5/15)             Temple (1/1) D:5

Altars:
Ashenzari
Dithmenos
Elyvilon
Gozag
Kikubaaqudgha
Makhleb
Okawaru
Ru
Uskayaw
Vehumet
Wu Jian
Xom
Zin


Innate Abilities, Weirdness & Mutations

You have very sharp teeth.
Your uncanny sense of smell can sniff out nearby items.
Your experience applies equally to all skills.


Message History

No target in view!
Found a staircase to the Ecumenical Temple.
You see here a scorpion corpse.
Found 20 gold pieces.
There is a staircase to the Ecumenical Temple here.
You climb downwards.
Welcome to the Ecumenical Temple!
There is a staircase back to the Dungeon here.
Found three altars.
Found a radiant altar of Vehumet and a white marble altar of Elyvilon.
There is a glowing silver altar of Zin here.
There is a staircase back to the Dungeon here.
Found three altars.
Found a shadowy altar of Dithmenos and an iron altar of Okawaru.
Done exploring.
Done exploring.
There is a shimmering altar of Xom here.
There is a staircase back to the Dungeon here.
You climb upwards.
Welcome back to the Dungeon!
There is a staircase to the Ecumenical Temple here.
Found a leather armour.
You now have 192 gold pieces (gained 20).
An ogre comes into view. It is wielding a +0 giant spiked club.
The ogre shouts!
Found a knobbly runed staff.
An ogre is nearby!
Found a scratched iron ring and a potion of curing.
You see here a +0 leather armour.
You barely miss the ogre.
An adder comes into view.
The ogre hits you with a +0 giant spiked club!
The adder hisses angrily.
You sock the ogre!
The ogre is heavily wounded.
The ogre hits you with a +0 giant spiked club!!
You are too injured to fight recklessly!
The adder bites you but does no damage.
The ogre hits you with a +0 giant spiked club!
* * * LOW HITPOINT WARNING * * *
The adder bites you.
You die...

........# ..
........########### ## ..
........#.........# ##.#.#|#.
........#.........###[......=
#'#######.........##.#.##+##!
#.# ###..............# #.#
##...........O..#.+ #.#
#..##...#.........# #.#
#.#..#.#...@S...#.# #.#
#.#....#..#.........
#.####..#....##..#...#.#.#
#.#.†......>...............
#.#.##..##....#..#.#...####
#.#.#..#..#....#...#...#
#...#.....#.#..#...#...#
###.#.#..#...##..... ..
....#.##...... ..# #


You could see an ogre and an adder.

Vanquished Creatures
  A phantom (D:4)
  The ghost of coffeespoons the Gusty, an amateur OpAE (D:3)
  A scorpion (D:5)
  2 hounds
  An orc priest (D:4)
  An orc wizard (D:4)
  Robin (D:2)
  12 gnolls
  An adder (D:2)
  A white imp (D:5)
  An ufetubus (D:4)
  An adder skeleton (D:3)
  4 dart slugs
  11 orcs
  8 endoplasms
  3 giant cockroaches
  16 goblins
  11 hobgoblins
  11 jackals
  8 quokkas
  13 ball pythons
  6 bats
  2 frilled lizards (D:2)
  8 kobolds
  3 rats
128 creatures vanquished.

Notes
Turn   | Place    | Note
-------+----------+-------------------------------------------
     0 | D:1      | inmateoo the Gnoll Arcane Marksman began the quest for the
                  | Orb.
     0 | D:1      | Reached XP level 1. HP: 17/17 MP: 4/4
   179 | D:1      | Reached XP level 2. HP: 23/23 MP: 5/5
   346 | D:1      | Reached XP level 3. HP: 23/28 MP: 7/7
   380 | D:1      | Found a faded altar of an unknown god.
   702 | D:1      | Reached skill level 1 in Invocations
   978 | D:2      | Reached skill level 1 in Short Blades
   978 | D:2      | Reached skill level 1 in Long Blades
   978 | D:2      | Reached skill level 1 in Axes
   978 | D:2      | Reached skill level 1 in Maces & Flails
   978 | D:2      | Reached skill level 1 in Polearms
   978 | D:2      | Reached skill level 1 in Staves
   978 | D:2      | Reached skill level 1 in Slings
   978 | D:2      | Reached skill level 1 in Bows
   978 | D:2      | Reached skill level 1 in Throwing
   978 | D:2      | Reached skill level 1 in Armour
   978 | D:2      | Reached skill level 1 in Stealth
   978 | D:2      | Reached skill level 1 in Shields
   978 | D:2      | Reached skill level 1 in Unarmed Combat
   978 | D:2      | Reached skill level 1 in Evocations
   981 | D:2      | Reached XP level 4. HP: 33/34 MP: 8/8
  1069 | D:2      | Noticed Robin
  1143 | D:1      | Learned a level 3 spell: Portal Projectile
  1588 | D:2      | Got Ownib's Papyrus of Unholy Rites
  1953 | D:1      | Reached skill level 1 in Conjurations
  1953 | D:1      | Reached skill level 1 in Summonings
  1953 | D:1      | Reached skill level 1 in Necromancy
  1953 | D:1      | Reached skill level 1 in Translocations
  1953 | D:1      | Reached skill level 1 in Transmutations
  1953 | D:1      | Reached skill level 1 in Fire Magic
  1953 | D:1      | Reached skill level 1 in Ice Magic
  1953 | D:1      | Reached skill level 1 in Air Magic
  1953 | D:1      | Reached skill level 1 in Earth Magic
  1953 | D:1      | Reached skill level 1 in Poison Magic
  2058 | D:2      | Killed Robin
  2548 | D:2      | Reached XP level 5. HP: 40/40 MP: 9/9
  2901 | D:3      | Found a broken altar of Ashenzari.
  2951 | D:3      | Found a sacrificial altar of Ru.
  4150 | D:3      | Reached XP level 6. HP: 41/47 MP: 10/10
  4406 | D:3      | Noticed coffeespoons's ghost (amateur OpAE)
  4407 | D:3      | Found a runed translucent door.
  4437 | D:3      | Killed coffeespoons's ghost
  4438 | D:3      | Reached skill level 5 in Crossbows
  4438 | D:3      | Reached skill level 5 in Dodging
  4469 | D:3      | Learned a level 5 spell: Borgnjor's Vile Clutch
  4520 | D:4      | Found an ancient bone altar of Kikubaaqudgha.
  5450 | D:5      | Entered Level 5 of the Dungeon
  5471 | D:4      | Reached XP level 7. HP: 23/52 MP: 12/12
  5992 | D:5      | Found a staircase to the Ecumenical Temple.
  6001 | Temple   | Entered the Ecumenical Temple
  6096 | D:5      | HP: 1/52 [ogre (17)]
  6098 | D:5      | Slain by an adder

Illustrated notes

Levels and vault maps discovered:
D:1:      amcnicky_arrival_gap_in_the_tavern_cellar, layout_basic,
          dreamdust_ecumenical_altar_grove, minmay_pentomino_w2
D:2:      layout_rooms, cheibrodos_gnoll_hut, uniq_robin
D:3:      minmay_angry_zag, layout_loops_ring, mainiacjoe_overflow_catwalk,
          cheibrodos_ashenzari_chains, ebering_ghost_inner_flame
D:4:      layout_loops_ring, mainiacjoe_overflow_chevrons, minmay_quadrilaterals
D:5:      layout_basic, minmay_temple_entry_mini_moons, minmay_misc_feat_doors
Temple:   zaba_magenta_temple

Skill      XL: |  1  2  3  4  5  6  7 |
---------------+----------------------+-----
Invocations    | 1 2 |  2.8
Short Blades   | 1 2 |  2.5
Long Blades    | 1 2 |  2.5
Axes           | 1 2 |  2.5
Maces & Flails | 1 2 |  2.5
Polearms       | 1 2 |  2.5
Staves         | 1 2 |  2.5
Slings         | 1 2 |  2.5
Bows           | 1 2 |  2.5
Throwing       | 1 2 |  2.5
Armour         | 1 2 |  2.5
Stealth        | 1 2 |  2.5
Shields        | 1 2 |  2.5
Unarmed Combat | 1 2 |  2.5
Evocations     | 1 2 |  2.5
Spellcasting   | 3 |  3.8
Conjurations   | 1 2 |  2.0
Summonings     | 1 2 |  2.0
Necromancy     | 1 2 |  2.0
Translocations | 1 2 |  2.0
Transmutations | 1 2 |  2.0
Fire Magic     | 1 2 |  2.0
Ice Magic      | 1 2 |  2.0
Air Magic      | 1 2 |  2.0
Earth Magic    | 1 2 |  2.0
Poison Magic   | 1 2 |  2.0
Fighting       | 3 |  3.6
Crossbows      | 5 |  5.2
Dodging        | 5 |  5.2
Hexes          | |  5.8

Action                   |  1- 3 |  4- 6 |  7- 9 || total
-------------------------+-------+-------+-------++-------
Melee: Unarmed           |       |   247 |       ||   247
       Bite              |       |    36 |     1 ||    37
       Punch             |       |     4 |     1 ||     5
       Flail             |       |   170 |    19 ||   189
 Fire: Hand crossbow     |    81 |    22 |       ||   103
       Arbalest          |       |     4 |     3 ||     7
Evoke: Wand              |       |     2 |       ||     2
  Use: Potion            |       |     2 |       ||     2
       Scroll            |       |     9 |       ||     9
Armor: Ring mail         |    14 |   169 |       ||   183
       Scale mail        |       |    34 |    15 ||    49
Dodge: Dodged            |    21 |   297 |    11 ||   329
